 Dungeon Crawl Stone Soup version 0.29-a0-8-g0446c0dae4 (webtiles) character file.

Game seed: 3027555820896306405

848 frimble the Conjurer (level 7, -6/50 HPs)
             Began as a Demonspawn Warper on Jan 27, 2022.
             Mangled by Duvessa (9 damage)
             ... on level 4 of the Dungeon.
             The game lasted 00:07:44 (6665 turns).

frimble the Conjurer (Demonspawn Warper)            Turns: 6665, Time: 00:07:44

Health: -6/50      AC:  4    Str: 12    XL:     7   Next: 69%
Magic:  6/10       EV: 11    Int: 16    God:
Gold:   185        SH:  0    Dex: 12    Spells: 5/10 levels left

rFire   . . .      SeeInvis .   o - +0 short sword (protect)
rCold   . . .      Faith    .   (no shield)
rNeg    . . .      Spirit   .   b - +0 leather armour
rPois   .          Reflect  .   n - +0 helmet
rElec   .          Harm     .   (no cloak)
rCorr   .          Rampage  .   (no gloves)
Will    .....                   (no boots)
Stlth   +.........              (no amulet)
HPRegen 0.16/turn               (no ring)
MPRegen 0.12/turn               (no ring)

@: no status effects
A: demonic magic 3
a: no special abilities


You were on level 4 of the Dungeon.
You visited 1 branch of the dungeon, and saw 6 of its levels.

You collected 185 gold pieces.

Inventory:

Hand Weapons
 o - a +0 short sword of protection (weapon)
Missiles
 d - a boomerang of dispersal (quivered)
 f - 2 boomerangs
Armour
 b - a +0 leather armour (worn)
 e - a +0 buckler
 n - a +0 helmet (worn)
Jewellery
 l - a ring of wizardry
Scrolls
 c - 2 scrolls of blinking
 p - a scroll of identify
 r - a scroll of fear
Potions
 i - a potion of lignification
 j - a potion of haste
 m - a potion of ambrosia {unknown}
 q - a potion of attraction {unknown}


   Skills:
 - Level 2.0 Fighting
 - Level 4.5 Short Blades
 - Level 0.8 Throwing
 - Level 0.8 Armour
 - Level 1.7 Dodging
 - Level 2.0 Spellcasting
 + Level 4.9 Conjurations
 - Level 2.6 Translocations
 + Level 4.5 Earth Magic


You had 5 spell levels left.
You knew the following spells:

 Your Spells              Type           Power      Damage    Failure   Level
a - Blink                 Tloc           20%        N/A       13%         2
b - Stone Arrow           Conj/Erth      32%        3d9       11%         3

Your spell library contained the following spells:

 Spells                   Type           Power      Damage    Failure   Level
 Sandblast                Erth           32%        2d9       4%          1
 Passwall                 Tmut/Erth      6%         N/A       16%         2
 Gell's Gravitas          Tloc           10%        N/A       26%         3
 Lesser Beckoning         Tloc           10%        N/A       26%         3
 Teleport Other           Tloc           10%        N/A       26%         3
 Mephitic Cloud           Conj/Pois/Air  6%         N/A       38%         3
 Ignite Poison            Fire/Tmut/Pois 1%         N/A       61%         3
 Animate Armour           Summ/Erth      16%        N/A       71%         4
 Manifold Assault         Tloc           10%        N/A       94%         5
 Freezing Cloud           Conj/Ice/Air   3%         6-21      98%         5
 Blade Hands              Tmut           0%         N/A       100%        5
 Iron Shot                Conj/Erth      8%         9d3       99%         6


Dungeon Overview and Level Annotations

Branches:
Dungeon (6/15)
 Temple: D:4-7

Altars:
Wu Jian

Annotations:
D:4 Dowan, Duvessa, Sigmund


Innate Abilities, Weirdness & Mutations

Spells you cast and wands you use may paralyse nearby enemies.


Message History

Dowan blinks!
Your life force feels restored.
Casting: Stone Arrow (dangerous; 11% risk of failure)
Confirm with . or Enter, or press ? or * to list all spells.
Aiming: Stone Arrow (dangerous; 11% risk of failure)
Press: ? - help, Shift-Dir - straight line, f/p - Duvessa
Aim: Duvessa, wielding a +0 short sword and wearing a +0 scale mail (77% to hit)
The stone arrow hits Duvessa!
Duvessa is moderately wounded.
Malevolent energies surge around you.
Duvessa suddenly stops moving!
Dowan mumbles some strange words.
Dowan blinks!
The helpless Duvessa fails to defend herself.
You hit Duvessa.
Duvessa is moderately wounded.
Duvessa is no longer paralysed.
Duvessa barely misses you.
Dowan casts a spell at Duvessa.
Duvessa seems to speed up.
You hit Duvessa but do no damage.
Duvessa is moderately wounded.
Duvessa hits you but does no damage. Duvessa barely misses you.
Casting: Stone Arrow (dangerous; 11% risk of failure)
Confirm with . or Enter, or press ? or * to list all spells.
Aiming: Stone Arrow (dangerous; 11% risk of failure)
Press: ? - help, Shift-Dir - straight line, p - Duvessa
Okay, then.
Unknown command.
Duvessa closely misses you. Duvessa hits you but does no damage.
Duvessa hits you with a +0 short sword! Duvessa hits you with a +0 short sword.
Duvessa hits you with a +0 short sword!
* * * LOW HITPOINT WARNING * * *
Duvessa hits you with a +0 short sword.
* * * LOW HITPOINT WARNING * * *
Things that are here:
a +0 dagger; a goblin skeleton
There is a stone staircase leading up, spattered with blood here.
Duvessa hits you with a +0 short sword!
You die...

...# ...# .. 8#.#8#.
.<.# . #...#.#### ...#
#. ........# ...#
##.### #.......#
........
....###.......#
........
##.#...........#
....(....
#..#..##.......#
.@.####..
#.#...@รท).>....# ....
..##.#..e##.......#
...#.
.........##.#######
...#.#.#........##.###
.........###....
#..##.#.e.....# .##..
#.##.####.#
.....##.........#
.....####.######


You could see Duvessa (fast) and Dowan.

Vanquished Creatures
  A black bear (D:5)
  A necrophage (D:4)
  A phantom (D:5)
  Blork the orc (D:5)
  A wyvern zombie (D:5)
  A wight (D:5)
  A hound (D:5)
  A jelly (D:5)
  4 orc priests (D:5)
  An iguana (D:5)
  2 orc wizards (D:5)
  A howler monkey zombie (D:5)
  6 adders
  3 dart slugs
  13 orcs
  5 ball pythons
  8 bats
  9 endoplasms
  4 giant cockroaches
  11 goblins
  7 hobgoblins
  2 quokkas
  6 frilled lizards
  5 kobolds
  7 rats
102 creatures vanquished.

Vanquished Creatures (others)
  14 plants (D:2)
  5 toadstools (D:1)
19 creatures vanquished.

Grand Total: 121 creatures vanquished

Notes
Turn   | Place    | Note
-------+----------+-------------------------------------------
     0 | D:1      | frimble the Demonspawn Warper began the quest for the Orb.
     0 | D:1      | Reached XP level 1. HP: 16/16 MP: 3/3
   356 | D:1      | Gained mutation: Spells you cast may paralyse adjacent
                  | enemies. [demonic ancestry]
   356 | D:1      | Reached XP level 2. HP: 20/22 MP: 5/5
  1045 | D:1      | Gained mutation: Spells you cast may paralyse nearby
                  | enemies. [demonic ancestry]
  1045 | D:1      | Reached XP level 3. HP: 12/27 MP: 6/6
  1214 | D:1      | Learned a level 2 spell: Blink
  1541 | D:1      | Found a faded altar of an unknown god.
  1667 | D:1      | Learned a level 3 spell: Stone Arrow
  1699 | D:2      | Found an ornate altar of the Wu Jian Council.
  2452 | D:2      | Reached skill level 1 in Conjurations
  2452 | D:2      | Gained mutation: Spells you cast and wands you use may
                  | paralyse nearby enemies. [demonic ancestry]
  2452 | D:2      | Reached XP level 4. HP: 6/33 MP: 4/7
  2874 | D:2      | Reached skill level 1 in Earth Magic
  3634 | D:2      | Identified the +2 leather armour of the Twelve Brambles
                  | {-Cast Harm rElec SInv}
  4595 | D:4      | Noticed Sigmund
  4689 | D:5      | Entered Level 5 of the Dungeon
  4751 | D:5      | Noticed a phantom
  4772 | D:5      | Killed a phantom
  4773 | D:5      | Reached XP level 5. HP: 30/38 MP: 2/8
  4954 | D:5      | Noticed Blork the orc
  4971 | D:5      | HP: 1/35 [Blork the orc/puff of frost (11)]
  4991 | D:5      | Killed Blork the orc
  4992 | D:5      | Reached XP level 6. HP: 20/44 MP: 3/9
  5293 | D:5      | Reached XP level 7. HP: 33/50 MP: 1/10
  6634 | D:4      | Noticed Duvessa
  6634 | D:4      | Noticed Dowan
  6665 | D:4      | Mangled by Duvessa

Illustrated notes

Levels and vault maps discovered:
D:1:      ldierk_walled_garden, layout_basic,
          shapermc_ecumenical_altar_mp_vishouse
D:2:      minmay_angry_zag, layout_loops_ring, serial_forest,
          infiniplex_forest_join, infiniplex_forest_clump_curved,
          infiniplex_forest_straight_1, infiniplex_forest_corner_1,
          infiniplex_forest_straight_5, infiniplex_forest_clump_cross,
          infiniplex_forest_join, infiniplex_forest_join, basic_altar
D:3:      layout_basic
D:4:      layout_loops_cross, kennysheep_doodads, fountainhead,
          dk_noncrumbling_4, uniq_sigmund, uniq_pikel, uniq_duvessa
D:5:      layout_basic, uniq_blork_the_orc
D:6:      layout_cave_pools, corexii_leaking_fountain, uniq_edmund

Skill      XL: |  1  2  3  4  5  6  7 |
---------------+----------------------+-----
Short Blades   | 2 3 4 |  4.5
Conjurations   | 1 2 3 4 |  4.9
Earth Magic    | 2 3 4 |  4.5
Fighting       | |  2.0
Throwing       | |  0.8
Armour         | |  0.8
Dodging        | |  1.7
Spellcasting   | |  2.0
Translocations | |  2.6

Action                   |  1- 3 |  4- 6 |  7- 9 || total
-------------------------+-------+-------+-------++-------
Melee: Short sword       |   177 |   165 |    87 ||   429
       Punch             |     4 |     1 |     3 ||     8
Throw: Boomerang         |     4 |       |       ||     4
 Cast: Blink             |     4 |     1 |       ||     5
       Stone Arrow       |       |    12 |    11 ||    23
  Use: Potion            |     1 |     2 |     1 ||     4
       Scroll            |       |     3 |     4 ||     7
 Stab: Sleeping          |     1 |       |       ||     1
       Paralysed         |       |     5 |     8 ||    13
Armor: Leather armour    |    59 |    56 |    24 ||   139
       Skin              |       |     8 |       ||     8
Dodge: Dodged            |   103 |    91 |    41 ||   235

Table legend: (Time is in decaauts)
 A = Elapsed time spent in this place.
 B = Non-inter-level travel time spent in this place.
 C = Inter-level travel time spent in this place.
 D = Time resting spent in this place.
 E = Time spent auto-exploring this place.
 F = Levels seen in this place.
 G = Mean time per level.
                   A        B        C        D        E       F      G
               +--------+--------+--------+--------+--------+-----+--------+
         Total |   6630 |   6493 |    137 |    388 |   5146 |   6 | 1105.0 |
       Dungeon |   6630 |   6493 |    137 |    388 |   5146 |   6 | 1105.0 |
               +--------+--------+--------+--------+--------+-----+--------+

Top non-repeatable levels by time:
     D:2: 2172 daAuts
     D:5: 1901 daAuts
     D:1: 1684 daAuts
     D:3: 792 daAuts
     D:4: 73 daAuts
     D:6: 6 daAuts
